 Dungeon Crawl Stone Soup version 0.20.1-1-g8b1a95d66d (webtiles) character file.

3447 NullDivider the Covert (level 10, -9/68 HPs)
             Began as an Octopode Artificer on Dec 6, 2017.
             Was an Initiate of Nemelex Xobeh.
             Mangled by a six-headed hydra (17 damage)
             ... on level 8 of the Dungeon.
             The game lasted 00:47:41 (9772 turns).

NullDivider the Covert (Octopode Artificer)         Turns: 9772, Time: 00:47:42

Health: -9/68      AC:  1    Str: 12    XL:     10   Next: 6%
Magic:  15/15      EV: 18    Int: 13    God:    Nemelex Xobeh [......]
Gold:   522        SH:  0    Dex: 19    Spells: 9/9 levels left

rFire    . . .     SeeInvis .   I - +3 rapier of Tension {freeze, rN+} (curse)
rCold    . . .     Gourm    .   (no shield)
rNeg     + . .     Faith    .   (helmet restricted)
rPois    .         Spirit   .   (no amulet)
rElec    .         Reflect  .   a - ring of flight
rCorr    .         Harm     .   m - +3 ring of dexterity
MR       .....                  (no ring)
Stlth    ++++++....             (no ring)
Regen    0.3/turn               (no ring)
MPRegen  0.2/turn               (no ring)
                                (no ring)
                                (no ring)

@: about to teleport
A: almost no armour, stealthy swim, amphibious, 8 rings, constrict 8, camouflage
1, gelatinous body 1
a: Renounce Religion, Evoke Flight


You were on level 8 of the Dungeon.
You worshipped Nemelex Xobeh.
Nemelex Xobeh was noncommittal.
You were hungry.

You visited 2 branches of the dungeon, and saw 9 of its levels.

You collected 522 gold pieces.

Inventory:

Hand Weapons
 o - a +2 dagger of venom
 y - a +2 dagger of holy wrath
 A - a +2 short sword of electrocution
 F - a +0 dagger of chaos
 I - the cursed +3 rapier of Tension (weapon) {freeze, rN+}
   (You found it on level 7 of the Dungeon)

   It has been specially enchanted to freeze those struck by it, causing extra
   injury to most foes and up to half again as much damage against particularly
   susceptible opponents.
   It can also slow down cold-blooded creatures.
   It protects you from negative energy.
   It has a curse placed upon it.
 N - a +0 dagger of draining
Jewellery
 a - a ring of flight (left tentacle)
 e - an uncursed ring of fire
 g - an uncursed ring of fire
 m - a +3 ring of dexterity (right tentacle)
 z - a cursed amulet of inaccuracy {unknown}
Wands
 b - a wand of flame (0/48)
 c - a wand of enslavement (3/24)
 d - a wand of random effects (7/48)
 i - a wand of random effects (20/48)
 H - a wand of digging (18/24)
 J - a wand of flame (33/48)
 O - a wand of iceblast (10/15)
Scrolls
 h - a scroll of recharging {unknown}
 j - 2 scrolls of amnesia {unknown}
 k - a scroll of fog {unknown}
 l - 2 scrolls of immolation {unknown}
 n - a scroll of blinking {unknown}
 p - 4 scrolls of identify {unknown}
 q - a scroll of teleportation
 t - 3 scrolls of enchant armour {unknown}
 B - 2 scrolls of random uselessness {unknown}
 G - 4 scrolls of remove curse
Potions
 s - a potion of lignification {unknown}
 u - 2 potions of cancellation {unknown}
 v - a potion of degeneration {unknown}
 w - a potion of agility {unknown}
 x - 3 potions of curing {unknown}
 C - a potion of might
 L - a potion of brilliance {unknown}
Miscellaneous
 E - a plain deck of destruction {drawn: 1}
 K - a plain deck of summoning {drawn: 2}
Comestibles
 f - 7 bread rations
 r - 4 royal jellies
 D - 6 meat rations
 M - 3 fruits


   Skills:
 + Level 6.0 Fighting
 + Level 5.5 Short Blades
 + Level 6.1 Dodging
 + Level 11.1 Stealth
 + Level 6.9 Evocations


You had 9 spell levels left.
You didn't know any spells.

Dungeon Overview and Level Annotations

Branches:
Dungeon (8/15)             Temple (1/1) D:6
   Lair: D:8-11

Altars:
Ashenzari
Cheibriados
Dithmenos
Elyvilon
Fedhas
Gozag
Hepliaklqana
Kikubaaqudgha
Makhleb
Nemelex Xobeh
Okawaru
Qazlal
Ru
Sif Muna
Trog
Uskayaw
Vehumet
Xom
Yredelemnul
Zin
The Shining One

Shops:
D:6 (   D:7 *

Annotations:
D:6 tensugalgo's ghost, novice DsGl


Innate Abilities, Weirdness & Mutations

You cannot wear most types of armour.
You are very stealthy in the water. (Stealth+)
You are amphibious.
You can wear up to eight rings at the same time.
You can use your tentacles to constrict eight enemies at once.
Your skin changes colour to match your surroundings (Stealth+).
Your rubbery body absorbs attacks. (AC +1, EV +1)


Message History

The six-headed hydra bites your cyan ugly thing!
The six-headed hydra barely misses your cyan ugly thing.
The six-headed hydra bites your cyan ugly thing! x2
The six-headed hydra closely misses your cyan ugly thing.
The six-headed hydra bites your cyan ugly thing!
Your cyan ugly thing dies!
Your Fighting skill increases to level 6!
Evoke which item? (* to show all) (? for menu, Esc to quit)
You draw a card...
It is the Illusion.
Suddenly you stand beside yourself.
Evoke which item? (* to show all) (? for menu, Esc to quit)
Aiming: Enslavement
Press: ? - help, Shift-Dir - straight line, f - six-headed hydra
Aim: a six-headed hydra (chance to defeat MR: 32%)
Okay, then.
Okay, then.
As you read the scroll of teleportation, it crumbles to dust.
You feel strangely unstable. The six-headed hydra misses you.
The six-headed hydra bites you!
You die...
Your body disappears without a glow.

...##.##.......###..#........
..###....###...###.## #
..#####..###.......#
#.........#..#.#..########.
##.##.............[[.......
#.##.....#####.#####......
##........# #...# .....
#..#......# #.@.# # ....
.....#....# #..@##.# ...
#....#....##..###Dl# ..
#..###.....#..#.#..# #
...........####.####
................#
................####
...................#
.<.................#
...................#


You could see a six-headed hydra, an iguana and the friendly NullDivider's
illusion.

Vanquished Creatures
  Grinder (D:3)
  An orc warrior (D:6)
  A water moccasin (D:7)
  An ice beast (D:7)
  2 black bears (D:7)
  A sky beast (D:4)
  2 phantoms (D:7)
  An ogre (D:7)
  3 centaurs (D:6)
  A big kobold (D:7)
  3 bullfrogs
  A wyvern zombie (D:8)
  A scorpion (D:4)
  3 killer bees (D:7)
  A howler monkey (D:6)
  4 crimson imps
  3 bullfrog zombies
  2 jellies
  10 orc wizards
  The ghost of fartsinmyface the Ducker, a weakling FeEn (D:3)
  6 hounds
  4 orc priests
  2 iguanas
  4 worker ants
  A hound zombie (D:7)
  A hound skeleton (D:5)
  A worker ant zombie (D:5)
  2 howler monkey skeletons
  6 adders
  6 gnolls
  2 shadow imps
  2 oozes
  5 adder skeletons
  A worm (D:5)
  A dart slug (D:3)
  6 leopard geckos
  29 orcs
  8 bats
  4 giant cockroaches
  6 goblins
  7 hobgoblins
  8 jackals
  3 quokkas
  7 frilled lizards
  19 kobolds
  A quokka skeleton (D:7)
  4 rats
189 creatures vanquished.

Vanquished Creatures (collateral kills)
  A crimson imp (D:5)
  A jelly (D:6)
  An orc wizard (D:6)
  A gnoll (D:5)
  2 orcs
  A leopard gecko zombie (D:5)
7 creatures vanquished.

Vanquished Creatures (others)
  An ugly thing (D:8)
  Sigmund (D:6)
  An orc warrior (D:8)
  2 orc wizards
  3 orcs
8 creatures vanquished.

Grand Total: 204 creatures vanquished

Notes
Turn   | Place    | Note
-------+----------+-------------------------------------------
     0 | D:1      | NullDivider the Octopode Artificer began the quest for the Orb.
     0 | D:1      | Reached XP level 1. HP: 13/13 MP: 3/3
   297 | D:1      | Reached skill level 2 in Stealth
   326 | D:1      | Reached XP level 2. HP: 13/18 MP: 4/4
   833 | D:1      | Reached XP level 3. HP: 24/24 MP: 5/5
  1174 | D:2      | Found a faded altar of an unknown god.
  1234 | D:2      | Found a radiant altar of Vehumet.
  1491 | D:2      | Reached skill level 3 in Stealth
  1941 | D:3      | Noticed fartsinmyface's ghost (weakling FeEn)
  1943 | D:3      | Killed fartsinmyface's ghost
  1943 | D:3      | Reached XP level 4. HP: 29/29 MP: 6/6
  1983 | D:3      | Found an iron altar of Okawaru.
  2021 | D:3      | Found a hazy altar of Hepliaklqana.
  2167 | D:3      | Reached XP level 5. HP: 24/35 MP: 7/7
  2389 | D:3      | Reached skill level 4 in Stealth
  3047 | D:3      | Noticed Grinder
  3059 | D:3      | Killed Grinder
  3059 | D:3      | Reached skill level 5 in Stealth
  3059 | D:3      | Reached XP level 6. HP: 28/42 MP: 7/9
  3766 | D:4      | Reached skill level 6 in Stealth
  3766 | D:4      | Reached XP level 7. HP: 46/46 MP: 10/10
  4888 | D:4      | Reached skill level 7 in Stealth
  5396 | D:5      | Entered Level 5 of the Dungeon
  5485 | D:5      | Found a blossoming altar of Fedhas.
  5488 | D:5      | Found a shadowy altar of Dithmenos.
  5488 | D:5      | Found a white marble altar of Elyvilon.
  5491 | D:5      | Found a glowing silver altar of Zin.
  5536 | D:5      | Reached XP level 8. HP: 19/53 MP: 11/11
  5791 | D:5      | Reached skill level 5 in Evocations
  6235 | D:6      | Reached skill level 8 in Stealth
  6581 | D:6      | Found Ovebrock's Antique Weapon Shop.
  6647 | D:6      | Found a staircase to the Ecumenical Temple.
  6673 | Temple   | Entered the Ecumenical Temple
  6683 | Temple   | Became a worshipper of Nemelex Xobeh the Trickster
  6802 | D:6      | Reached skill level 9 in Stealth
  6939 | D:6      | Received a gift from Nemelex Xobeh
  6939 | D:6      | Noticed Sigmund
  6939 | D:6      | Noticed tensugalgo's ghost (novice DsGl)
  6967 | D:6      | Your ally died
  7231 | D:6      | Found a sparkling altar of Nemelex Xobeh.
  7240 | D:6      | Reached skill level 5 in Dodging
  7451 | D:6      | Reached XP level 9. HP: 58/59 MP: 13/13
  7825 | D:7      | Found an opulent altar of Gozag.
  7828 | D:7      | Reached skill level 10 in Stealth
  7829 | D:7      | Found Gozag's Platinum Reserve.
  7879 | D:7      | Got a twisted rapier
  7880 | D:7      | Identified the cursed +3 rapier of Tension {freeze, rN+} (You found it on level 7 of the Dungeon)
  7921 | D:7      | Reached skill level 5 in Fighting
  8072 | D:7      | Found a radiant altar of Vehumet.
  8337 | D:7      | Found a shimmering altar of Xom.
  8337 | D:7      | Found a burning altar of Makhleb.
  8552 | D:7      | Reached skill level 5 in Short Blades
  8674 | D:7      | Found a snail-covered altar of Cheibriados.
  9129 | D:8      | Received a gift from Nemelex Xobeh
  9573 | D:8      | Reached skill level 11 in Stealth
  9573 | D:8      | Reached XP level 10. HP: 68/68 MP: 15/15
  9670 | D:8      | Found a shattered altar of Ashenzari.
  9760 | D:8      | Noticed a cyan ugly thing
  9763 | D:8      | Noticed a six-headed hydra
  9772 | D:8      | Mangled by a six-headed hydra

Skill      XL: |  1  2  3  4  5  6  7  8  9 10 |
---------------+-------------------------------+-----
Stealth        | 2 3 5 6 7 9 11 | 11.1
Fighting       | 2 3 4 5 6 |  6.0
Short Blades   | 2 3 4 5 |  5.5
Dodging        | 3 4 5 6 |  6.1
Evocations     | 4 5 6 |  6.9

Action                   |  1- 3 |  4- 6 |  7- 9 | 10-12 || total
-------------------------+-------+-------+-------+-------++-------
Melee: Short sword       |    27 |       |    90 |       ||   117
       Constrict         |    22 |    33 |    67 |     3 ||   125
       Tentacles         |    11 |    29 |    79 |     2 ||   121
       Dagger            |    45 |    95 |   116 |       ||   256
       Rapier            |       |       |    96 |    10 ||   106
Evoke: Wand              |     2 |    13 |    18 |     2 ||    35
       Deck              |       |       |     2 |     1 ||     3
  Use: Scroll            |     2 |       |     1 |     1 ||     4
       Potion            |       |     2 |       |       ||     2
 Stab: Sleeping          |     9 |     5 |    19 |     4 ||    37
       Distracted        |     1 |     2 |     3 |       ||     6
  Eat: Chunk             |     3 |     5 |    18 |     1 ||    27
Armor: Skin              |     5 |     1 |     8 |       ||    14
Dodge: Dodged            |    37 |    37 |   159 |     6 ||   239
